 Dungeon Crawl Stone Soup version 0.23.1 (webtiles) character file.

Game seed: 11658253936694375620

73 Borgoz the Ruffian (level 4, -1/37 HPs)
             Began as a Ghoul Warper on Mar 8, 2019.
             Slain by an adder (3 damage)
             ... on level 2 of the Dungeon.
             The game lasted 00:02:16 (1300 turns).

Borgoz the Ruffian (Ghoul Warper)                   Turns: 1300, Time: 00:02:17

Health: -1/37      AC:  3    Str: 14    XL:     4   Next: 27%
Magic:  6/6        EV: 12    Int:  8    God:
Gold:   129        SH:  0    Dex:  9    Spells: 7/7 levels left

rFire    . . .     SeeInvis .     - Unarmed
rCold    + . .     Gourm    .   (no shield)
rNeg     + + +     Faith    .   a - +0 leather armour
rPois    ∞         Spirit   .   (no helmet)
rElec    .         Reflect  .   (no cloak)
rCorr    .         Harm     .   (no gloves)
MR       .....                  (no boots)
Stlth    +.........             (no amulet)
HPRegen  0.00/turn              (no ring)
MPRegen  0.10/turn              (no ring)

@: rotting
A: rotting body, claws 1, carnivore, cold resistance 1, negative energy
resistance 3, inhibited regeneration, torment resistance, unbreathing
a: no special abilities


You were on level 2 of the Dungeon.
You were not hungry.

You visited 1 branch of the dungeon, and saw 2 of its levels.

You collected 129 gold pieces.

Inventory:

Missiles
 d - 5 tomahawks of dispersal (quivered)
 m - 15 tomahawks
Armour
 a - a +0 leather armour (worn)
Scrolls
 b - 3 scrolls of enchant weapon {unknown}
 c - 2 scrolls of blinking
 g - 3 scrolls of fog {unknown}
 i - 2 scrolls of amnesia {unknown}
 k - a scroll of magic mapping {unknown}
 l - 2 scrolls of remove curse {unknown}
 o - a scroll of identify {unknown}
 q - a scroll of immolation {unknown}
Potions
 e - a potion of heal wounds {unknown}
 h - a potion of cancellation {unknown}
 j - 2 potions of lignification {unknown}
 n - a potion of curing {unknown}
Comestibles
 f - 4 rations


   Skills:
 + Level 2.8 Fighting
 - Level 0.8 Throwing
 + Level 1.7 Armour
 + Level 2.3 Dodging
 + Level 2.9 Unarmed Combat
 + Level 2.2 Spellcasting
   Level 2.6 Translocations


You had 7 spell levels left.
You didn't know any spells.
Your spell library contained the following spells:

 Spells                   Type           Power        Failure   Level  Hunger
 Blink                    Tloc           N/A          22%         2    ###....
 Shroud of Golubria       Chrm/Tloc      #.........   36%         2    ###....
 Gell's Gravitas          Tloc           #.........   38%         3    ####...
 Lesser Beckoning         Tloc           #.........   38%         3    ####...
 Teleport Other           Tloc           #.......     38%         3    ####...
 Passage of Golubria      Tloc           N/A          80%         4    #####..


Dungeon Overview and Level Annotations

Branches:
Dungeon (2/15)

Altars:


Innate Abilities, Weirdness & Mutations

Your body is rotting away.
You thrive on raw meat.
You are immune to poison.
You have sharp fingernails.
You are carnivorous and can eat meat at any time.
Your flesh is cold resistant. (rC+)
You are immune to negative energy. (rN+++)
You do not regenerate when monsters are visible.
You are immune to unholy pain and torment.
You can survive without breathing.


Message History

The adder bites you.
* * * LOW HITPOINT WARNING * * *
Things that are here:
a chunk of flesh; a frilled lizard skeleton Eat a chunk of flesh? (ye/n/q)
You eat the chunk of flesh.
This raw flesh tastes great!
The adder barely misses you. The adder bites you.
* * * LOW HITPOINT WARNING * * *
You scratch the adder but do no damage.
The adder is heavily wounded.
The adder closely misses you. x3
You scratch the adder but do no damage.
The adder is heavily wounded.
The adder bites you.
* * * LOW HITPOINT WARNING * * *
The adder misses you. The adder barely misses you.
You closely miss the adder.
The adder is heavily wounded.
The adder bites you.
You die...

#########..######.##.###..#######
#(.......................
#..###...>....##.########
#####..# #........#..#
#....>.###........#.##
#.####............#># # #.#
#####.......##.# # #.#
#.......##.# #
#.########..@.......# #
#...........SS##.#### #
#.###########.##.# #####.# #.##.#
......# ...#.# ......# ......#
####### .......# # ......... #
..........#


You could see 2 adders.

Vanquished Creatures
  3 adders (D:2)
  An ooze (D:1)
  A dart slug (D:1)
  2 orcs (D:2)
  2 giant cockroaches (D:1)
  4 goblins
  4 hobgoblins
  4 kobolds
  A quokka (D:2)
  A ball python (D:1)
  8 bats
  6 frilled lizards
  5 rats
42 creatures vanquished.

Notes
Turn   | Place    | Note
-------+----------+-------------------------------------------
     0 | D:1      | Borgoz the Ghoul Warper began the quest for the Orb.
     0 | D:1      | Reached XP level 1. HP: 17/17 MP: 2/2
    59 | D:1      | Reached skill level 1 in Armour
   123 | D:1      | Reached XP level 2. HP: 15/25 MP: 3/3
   464 | D:1      | Reached XP level 3. HP: 27/30 MP: 5/5
  1210 | D:2      | Reached XP level 4. HP: 11/37 MP: 6/6
  1300 | D:2      | Slain by an adder

Skill      XL: |  1  2 |
---------------+-------+-----
Armour         | 1 |  1.7
Dodging        | 2 |  2.3
Spellcasting   | 2 |  2.2
Fighting       | |  2.8
Throwing       | |  0.8
Unarmed Combat | |  2.9
Translocations | |  2.6

Action                   |  1- 3 |  4- 6 || total
-------------------------+-------+-------++-------
Melee: Unarmed           |   138 |    20 ||   158
       Punch             |     1 |       ||     1
  Eat: Chunk             |     8 |     6 ||    14
Armor: Leather armour    |    40 |     4 ||    44
Dodge: Dodged            |   104 |    34 ||   138
